AoeStats
← Lucas

Arabia

510771855Analyzed
1v1 RM · 18h ago on Oct 2, 2026· 17m 49s· 2 players
Game mode
Random Map
Map size
Tiny (2 player)
Population
200
Speed
Normal
Resources
Standard
Victory
Conquest
Starting age
Dark Age
Ending age
Imperial Age
RankedLock teamsTeams togetherTeam positionsShared explorationLock speedFull tech treeHidden civsTurbo modeCheats
Victory
Defeat
🇫🇷 Vietnamese · France
723
+17
🇧🇷 Persians · Brazil
743
-41
Pia-Pia
6:24 Loom
10:11 Feudal Age
10:39 Double-Bit Axe
10:44 Horse Collar
13:56 Fletching
16:16 Padded Archer Armor
17:01 Wheelbarrow
Lucas
11:36 Feudal Age
Connection lost

Rejoining the realm…

Still unreachable

The connection could not be restored.

Session expired

The server has moved on; the page needs a fresh start.